 Dungeon Crawl Stone Soup version 0.27-a0-1555-g0e7b3fb1d2 (webtiles) character file.

Game seed: 4638609676205521693

86 Lemonice the Skirmisher (level 4, -4/37 HPs)
             Began as a Formicid Abyssal Knight on July 15, 2021.
             Was a Believer of Lugonu.
             Slain by a bullfrog (7 damage)
             ... on level 3 of the Dungeon.
             The game lasted 00:02:43 (2322 turns).

Lemonice the Skirmisher (Formicid Abyssal Knight)   Turns: 2322, Time: 00:02:43

Health: -4/37      AC:  3    Str: 17    XL:     4   Next: 77%
Magic:  6/6        EV: 11    Int: 12    God:    Lugonu [**....]
Gold:   116        SH:  0    Dex: 10    Spells: 3/3 levels left

rFire    . . .     SeeInvis +   a - +1 hand axe
rCold    . . .     Faith    .   (no shield)
rNeg     . . .     Spirit   .   b - +0 leather armour
rPois    .         Reflect  .   (helmet unavailable)
rElec    .         Harm     .   (no cloak)
rCorr    .         Rampage  .   (no gloves)
Will     .....                  (no boots)
Stlth    +.........             (no amulet)
HPRegen  0.12/turn              (no ring)
MPRegen  0.10/turn              (no ring)

@: attractive
A: permanent stasis, dig shafts and tunnels, antennae 3, four strong arms
a: Dig, Shaft Self, Renounce Religion, Depart the Abyss, Bend Space


You were on level 3 of the Dungeon.
You worshipped Lugonu.
Lugonu was pleased with you.
You visited 1 branch of the dungeon, and saw 3 of its levels.
You visited the Abyss 1 time.

You collected 116 gold pieces.

Inventory:

Hand Weapons
 a - a +1 hand axe (weapon)
Missiles
 d - 5 atropa-tipped darts
Armour
 b - a +0 leather armour (worn)
Scrolls
 c - 2 scrolls of acquirement {unknown}
 e - a scroll of magic mapping {unknown}
 g - a scroll of enchant armour {unknown}
 h - 2 scrolls of identify {unknown}
 j - a scroll of fog {unknown}
 k - a scroll of teleportation {unknown}
Potions
 i - a potion of resistance {unknown}


   Skills:
 + Level 4.0 Fighting
 * Level 3.1 Axes
 + Level 2.9 Armour
 - Level 1.0 Dodging
 + Level 3.0 Invocations


You had 3 spell levels left.
You didn't know any spells.
Your spell library was empty.

Dungeon Overview and Level Annotations

Branches:
Dungeon (3/15)

Altars:


Innate Abilities, Weirdness & Mutations

You cannot be hasted, slowed, berserked, paralysed or teleported.
You can dig through walls and to a lower floor.
You have a pair of large antennae on your head. (SInv)
Your four strong arms can wield two-handed weapons with a shield.


Message History

The endoplasm closely misses you.
You slash the endoplasm!
You kill the endoplasm!
Lugonu accepts your kill.
No target in view!
You see here 8 stones.
Done exploring.
Done exploring.
(D) Dungeon
Where to? (Enter - D:2, ? - help)
What level of the Dungeon? (default 1, ? - help)
There is a stone staircase leading down here.
You climb downwards.
Found 2 gold pieces.
There is a stone staircase leading up here.
You now have 116 gold pieces (gained 2).
You open the door.
A bullfrog comes into view.
The bullfrog croaks.
The bullfrog hits you.
There is an open door here.
You barely miss the bullfrog.
The bullfrog hits you but does no damage.
The bullfrog hits you.
You hit the bullfrog but do no damage. The bullfrog misses you.
The bullfrog hits you.
You hit the bullfrog.
The bullfrog is lightly wounded.
The bullfrog hits you!
The bullfrog hits you but does no damage.
You barely miss the bullfrog.
The bullfrog is lightly wounded.
The bullfrog hits you.
* * * LOW HITPOINT WARNING * * *
It was a potion of attraction.
You feel attractive to monsters. The bullfrog hits you!
* * * LOW HITPOINT WARNING * * *
The bullfrog hits you!
You die...

####### .......
############.......
...........@F......
#####...##.......
#.#.# ####### #.#.#
#<#.# ###.# ..# ###


You could see a bullfrog.

Vanquished Creatures
  An adder (D:2)
  A gnoll (D:1)
  A worm (D:2)
  A dart slug (D:1)
  An orc (D:2)
  8 ball pythons
  4 bats
  7 endoplasms
  4 giant cockroaches
  A goblin (D:1)
  5 hobgoblins
  4 jackals (D:2)
  3 quokkas
  3 frilled lizards
  9 kobolds
  A rat (D:1)
54 creatures vanquished.

Vanquished Creatures (others)
  2 plants (D:1)
2 creatures vanquished.

Grand Total: 56 creatures vanquished

Notes
Turn   | Place    | Note
-------+----------+-------------------------------------------
     0 | Abyss:1  | Lemonice the Formicid Abyssal Knight began the quest for
                  | the Orb.
     0 | Abyss:1  | Reached XP level 1. HP: 18/18 MP: 2/2
     1 | Abyss:1  | Noticed a small abomination
     4 | D:1      | Escaped the Abyss
   115 | D:1      | Reached skill level 1 in Dodging
   242 | D:1      | Reached XP level 2. HP: 24/24 MP: 3/3
   263 | D:1      | Reached * piety under Lugonu
   324 | D:1      | Found a faded altar of an unknown god.
   464 | D:1      | Reached XP level 3. HP: 14/30 MP: 4/4
  1434 | D:2      | Reached XP level 4. HP: 34/37 MP: 6/6
  1756 | D:2      | Reached ** piety under Lugonu
  1928 | D:2      | Reached skill level 4 in Fighting
  2316 | D:3      | Noticed a bullfrog
  2322 | D:3      | Slain by a bullfrog

Illustrated notes

Levels and vault maps discovered:
D:1:      giann_bridges, layout_loops_cross,
          shapermc_ecumenical_altar_totnotflames
D:2:      layout_loops_ring, kennysheep_generic_room_8
D:3:      layout_basic, nzn_wu_jian_contemplation, gammafunk_ghost_split,
          uniq_crazy_yiuf_cottage

Skill      XL: |  1  2  3  4 |
---------------+-------------+-----
Dodging        | 1 |  1.0
Axes           | 3 |  3.1
Invocations    | 3 |  3.0
Fighting       | 4 |  4.0
Armour         | |  2.9

Action                   |  1- 3 |  4- 6 || total
-------------------------+-------+-------++-------
Melee: Hand axe          |    86 |    64 ||   150
Invok: Depart the Abyss  |     1 |       ||     1
  Use: Potion            |       |     1 ||     1
Armor: Leather armour    |    32 |    19 ||    51
Dodge: Dodged            |    47 |    42 ||    89

Table legend: (Time is in decaauts)
 A = Elapsed time spent in this place.
 B = Non-inter-level travel time spent in this place.
 C = Inter-level travel time spent in this place.
 D = Time resting spent in this place.
 E = Time spent auto-exploring this place.
 F = Levels seen in this place.
 G = Mean time per level.
                   A        B        C        D        E       F      G
               +--------+--------+--------+--------+--------+-----+--------+
         Total |   2346 |   2265 |     81 |      0 |   1895 |   4 |  586.5 |
       Dungeon |   2342 |   2261 |     81 |      0 |   1895 |   3 |  780.7 |
         Abyss |      4 |      4 |      0 |      0 |      0 |   1 |    4.0 |
               +--------+--------+--------+--------+--------+-----+--------+

Top non-repeatable levels by time:
     D:1: 1218 daAuts
     D:2: 1109 daAuts
     D:3: 14 daAuts
 Abyss:1: 4 daAuts
